 Dungeon Crawl Stone Soup version 0.27.1-3-gb3d3a73c9e (webtiles) character file.

Game seed: 6307425294898568579

668 horus123 the Chucker (level 7, -5/53 (55) HPs)
             Began as a Human Hunter on Oct 30, 2021.
             Was a Priest of Nemelex Xobeh.
             Slain by an orc (6 damage)
             ... on level 5 of the Dungeon.
             The game lasted 00:12:39 (4838 turns).

horus123 the Chucker (Human Hunter)                 Turns: 4838, Time: 00:12:40

HP:   -5/53 (55)    AC:  6    Str: 12    XL:     7   Next: 88%
MP:   7/7           EV: 11    Int: 11    God:    Nemelex Xobeh [***...]
Gold: 87            SH:  0    Dex: 16    Spells: 6/6 levels left

rFire    . . .     SeeInvis .   f - +1 spear (vamp)
rCold    . . .     Faith    .   (no shield)
rNeg     . . .     Spirit   .   k - +0 ring mail
rPois    .         Reflect  .   (no helmet)
rElec    .         Harm     .   j - +0 cloak
rCorr    .         Rampage  .   (no gloves)
Will     .....                  (no boots)
Stlth    +.........             (no amulet)
HPRegen  0.17/turn              (no ring)
MPRegen  0.10/turn              (no ring)

@: lightly drained
A: no striking features
a: Renounce Religion, Draw Escape, Draw Destruction, Draw Summoning, Triple Draw


You were on level 5 of the Dungeon.
You worshipped Nemelex Xobeh.
Nemelex Xobeh was most pleased with you.
You visited 1 branch of the dungeon, and saw 5 of its levels.

You collected 87 gold pieces.

Inventory:

Hand Weapons
 a - a +0 short sword
 f - a +1 vampiric spear (weapon)
Missiles
 d - 2 throwing nets (quivered)
 n - 13 poisoned darts
Armour
 b - a +0 leather armour
 j - a +0 cloak (worn)
 k - a +0 ring mail (worn)
Magical Staves
 e - a staff of cold
Jewellery
 q - a ring of fire
Wands
 p - a wand of flame (17)
Scrolls
 c - a scroll of holy word
 l - a scroll of teleportation
Potions
 g - a potion of brilliance {unknown}
 h - a potion of magic
 m - a potion of haste
 o - a potion of berserk rage {unknown}


   Skills:
 + Level 4.6 Fighting
 - Level 3.0 Polearms
 - Level 7.1 Throwing
 - Level 2.0 Dodging
 - Level 1.0 Stealth


You had 6 spell levels left.
You didn't know any spells.
Your spell library contained the following spells:

 Spells                   Type           Power      Damage    Failure   Level
 Magic Dart               Conj           0%         1d3       63%         1
 Call Imp                 Summ           0%         N/A       77%         2
 Mephitic Cloud           Conj/Pois/Air  0%         N/A       94%         3
 Stone Arrow              Conj/Erth      0%         3d7       94%         3
 Animate Armour           Summ/Erth      0%         N/A       100%        4
 Lehudib's Crystal Spear  Conj/Erth      0%         10d2      100%        8


Dungeon Overview and Level Annotations

Branches:
Dungeon (5/15)
 Temple: D:4-7

Altars:
Nemelex Xobeh
Qazlal

Shops:
D:5 *

Annotations:
D:5 Prince Ribbit


Message History

Prince Ribbit is severely wounded.
The orc hits you with a +2 dagger of speed.
The orc misses you.
Prince Ribbit blinks!
The orc barely misses you. The orc closely misses you.
The orc hits you but does no damage. The orc hits you with a +0 mace.
You hit the orc.
You feel better.
You kill the orc!
The orc hits you with a +2 dagger of speed.
The orc hits you with a +0 mace.
You hit the necrophage.
The necrophage is lightly damaged.
The necrophage hits you.
You feel drained.
You barely miss the necrophage.
The necrophage is lightly damaged.
The orc hits you with a +2 dagger of speed.
The necrophage hits you. The orc hits you with a +0 mace. x2
Prince Ribbit blinks!
The orc hits you but does no damage.
You hit the necrophage.
The necrophage is moderately damaged.
The necrophage closely misses you. The orc hits you with a +0 mace.
* * * LOW HITPOINT WARNING * * *
The orc barely misses you. The orc hits you with a +0 mace.
* * * LOW HITPOINT WARNING * * *
You hit the orc.
The orc is severely wounded.
The orc hits you with a +2 dagger of speed.
* * * LOW HITPOINT WARNING * * *
The necrophage barely misses you. The orc barely misses you.
The orc hits you but does no damage. The orc barely misses you.
You hit the orc.
You kill the orc!
The necrophage hits you.
* * * LOW HITPOINT WARNING * * *
The orc closely misses you. The orc misses you.
You closely miss the orc. Prince Ribbit barely misses you.
The necrophage barely misses you. The orc hits you with a +0 mace.
* * * LOW HITPOINT WARNING * * *
The orc hits you with a +0 mace.
You die...
Your body glows with a rainbow of weird colours and disappears.

#. #......# ..##.#.#..
#...(......
(....8...8.####
.(.?..........
...(?.(.>...8####
#.....##(.(....oo...##
.........8...∩n@.8..#
##....#......).F)....#
......##....8...<....#
..........#..........#
......###.#..#8...8.##
.#....###.......#.#.#
.#........#.##......#
.#..##.####.##.######
....##.# #.##.#


You could see Prince Ribbit, a necrophage and 2 orcs.

Vanquished Creatures
  Grinder (D:3)
  A kobold brigand (D:4)
  A water moccasin skeleton (D:4)
  A hound (D:5)
  Crazy Yiuf (D:2)
  An orc wizard (D:4)
  3 gnolls (D:3)
  4 adders
  An ufetubus (D:4)
  4 worms
  3 dart slugs
  2 adder simulacra (D:4)
  7 orcs
  7 bats
  8 endoplasms
  4 giant cockroaches
  4 goblins
  5 hobgoblins
  3 jackals (D:4)
  4 kobolds
  4 quokkas
  6 ball pythons
  6 frilled lizards
  2 rats
83 creatures vanquished.

Vanquished Creatures (collateral kills)
  The ghost of karkarkar the Covered, an amateur VSFi of Fedhas (D:4)
  A centaur simulacrum (D:4)
  A scorpion simulacrum (D:4)
  A hound simulacrum (D:4)
  A white imp (D:4)
  An adder simulacrum (D:4)
6 creatures vanquished.

Vanquished Creatures (others)
  2 withered plants (D:1)
2 creatures vanquished.

Grand Total: 91 creatures vanquished

Notes
Turn   | Place    | Note
-------+----------+-------------------------------------------
     0 | D:1      | horus123 the Human Hunter began the quest for the Orb.
     0 | D:1      | Reached XP level 1. HP: 16/16 MP: 1/1
   100 | D:1      | Reached XP level 2. HP: 22/22 MP: 2/2
   104 | D:1      | Found a faded altar of an unknown god.
   150 | D:1      | Became a worshipper of Nemelex Xobeh the Trickster
   150 | D:1      | Reached * piety under Nemelex Xobeh
   463 | D:1      | Reached XP level 3. HP: 9/27 MP: 3/3
   465 | D:1      | Reached skill level 1 in Polearms
   629 | D:1      | Received a gift from Nemelex Xobeh
   965 | D:2      | Found a stormy altar of Qazlal.
   979 | D:2      | Reached ** piety under Nemelex Xobeh
  1186 | D:2      | Reached XP level 4. HP: 33/33 MP: 4/4
  1281 | D:2      | Found a runed translucent door.
  1282 | D:2      | Noticed Crazy Yiuf
  1695 | D:2      | Received a gift from Nemelex Xobeh
  1912 | D:2      | Killed Crazy Yiuf
  1913 | D:2      | Reached XP level 5. HP: 14/38 MP: 5/5
  2186 | D:3      | Noticed Grinder
  2220 | D:3      | Killed Grinder
  2221 | D:3      | Reached skill level 6 in Throwing
  2221 | D:3      | Reached XP level 6. HP: 7/44 MP: 6/6
  2992 | D:3      | Reached *** piety under Nemelex Xobeh
  3660 | D:4      | Received a gift from Nemelex Xobeh
  3700 | D:4      | Found a runed translucent gate.
  3733 | D:4      | Found a runed translucent gate.
  3734 | D:4      | Found a runed translucent gate.
  3770 | D:4      | Reached skill level 7 in Throwing
  3770 | D:4      | Reached XP level 7. HP: 39/50 MP: 7/7
  4454 | D:4      | Noticed karkarkar's ghost (amateur VSFi)
  4623 | D:4      | Killed karkarkar's ghost
  4787 | D:5      | Entered Level 5 of the Dungeon
  4802 | D:5      | Found Diughih's Assorted Antiques.
  4808 | D:5      | Noticed Prince Ribbit
  4838 | D:5      | HP: 1/53 [orc (3)]
  4838 | D:5      | Slain by an orc

Illustrated notes

Levels and vault maps discovered:
D:1:      matt_arrival_spirals, layout_basic,
          ebering_ecumenical_altar_petrified, chequers_serial_rivers_marsh,
          minmay_small_reverse_x
D:2:      layout_loops_corners, basic_altar, minmay_pentomino_pile,
          uniq_crazy_yiuf_cottage
D:3:      layout_loops_ring, serial_forest, infiniplex_forest_straight_2,
          infiniplex_forest_side_room, infiniplex_forest_straight_3,
          infiniplex_forest_end_double, infiniplex_forest_split,
          infiniplex_forest_clump_diagonal, infiniplex_forest_clump_small,
          uniq_grinder
D:4:      layout_gridville, gammafunk_ghost_icy, moated_statue,
          minmay_crystal_room
D:5:      layout_basic, minmay_temple_entry_statues_fountains,
          gup_sewer_entry_glass, st_stairs_2, serial_bayou_pond_e,
          nicolae_stop_n_shop_1, chequers_avenue, uniq_prince_ribbit1

Skill      XL: |  1  2  3  4  5  6  7 |
---------------+----------------------+-----
Polearms       | 2 3 |  3.0
Throwing       | 6 7 |  7.1
Fighting       | 4 |  4.6
Dodging        | |  2.0
Stealth        | |  1.0

Action                   |  1- 3 |  4- 6 |  7- 9 || total
-------------------------+-------+-------+-------++-------
Melee: Short sword       |    16 |       |       ||    16
       Spear             |    69 |    77 |    53 ||   199
Throw: Javelin           |    23 |    41 |     4 ||    68
       Throwing net      |     1 |     3 |       ||     4
       Dart              |       |    23 |    32 ||    55
Invok: Draw Escape       |       |     1 |     1 ||     2
       Draw Destruction  |       |     1 |     1 ||     2
       Draw Summoning    |       |     1 |     1 ||     2
  Use: Scroll            |     5 |     4 |       ||     9
       Potion            |       |     2 |       ||     2
 Stab: Sleeping          |     3 |       |       ||     3
Armor: Leather armour    |    32 |     3 |       ||    35
       Ring mail         |       |    18 |    27 ||    45
Dodge: Dodged            |    58 |    32 |    48 ||   138
